 Dungeon Crawl Stone Soup version 0.23-a0-677-g07611c5723 (webtiles) character file.

146 DEFE the Insei (level 5, 0/37 HPs)
             Began as an Octopode Monk on Jan 10, 2019.
             Was an Initiate of Ru.
             Slain by Purgy (3 damage)
             ... on level 3 of the Dungeon.
             The game lasted 00:03:17 (2290 turns).

DEFE the Insei (Octopode Monk)                      Turns: 2290, Time: 00:03:18

Health: 0/37       AC:  1    Str: 11    XL:     5   Next: 28%
Magic:  5/5        EV: 14    Int: 12    God:    Ru [......]
Gold:   181        SH:  4    Dex: 15    Spells: 4/4 levels left

rFire    . . .     SeeInvis .   j - +1 dagger (elec)
rCold    . . .     Gourm    .   h - +0 buckler
rNeg     . . .     Faith    .   (helmet restricted)
rPois    .         Spirit   .   (no amulet)
rElec    .         Reflect  .   (no ring)
rCorr    .         Harm     .   (no ring)
MR       .....                  (no ring)
Stlth    +++.......             (no ring)
HPRegen  0.12/turn              (no ring)
MPRegen  0.09/turn              (no ring)
                                (no ring)
                                (no ring)

@: flying
A: almost no armour, stealthy swim, amphibious, 8 rings, constrict 8, camouflage
1, mutation resistance 1, wild magic 1, gelatinous body 1
a: Renounce Religion


You were on level 3 of the Dungeon.
You worshipped Ru.
Ru was noncommittal.
You were hungry.

You visited 1 branch of the dungeon, and saw 3 of its levels.

You collected 181 gold pieces.

Inventory:

Hand Weapons
 j - a +1 dagger of electrocution (weapon)
Armour
 h - a +0 buckler (worn)
Jewellery
 d - an uncursed amulet of guardian spirit
Scrolls
 c - a scroll of teleportation {unknown}
 e - 2 scrolls of identify {unknown}
 i - a scroll of amnesia {unknown}
 k - a scroll of magic mapping {unknown}
 o - a scroll of blinking {unknown}
Potions
 b - a potion of magic
 f - a potion of brilliance
 n - a potion of curing
Comestibles
 a - 5 rations


   Skills:
 + Level 4.0 Fighting
 + Level 4.0 Dodging
 + Level 3.1 Stealth
 + Level 0.9 Shields
 + Level 4.0 Unarmed Combat


You had 4 spell levels left.
You didn't know any spells.
Your spell library was empty.

Dungeon Overview and Level Annotations

Branches:
Dungeon (3/15)

Altars:
Ru
Uskayaw

Annotations:
D:3 Purgy


Innate Abilities, Weirdness & Mutations

You cannot wear most types of armour.
You are very stealthy in the water. (Stealth+)
You are amphibious.
You can wear up to eight rings at the same time.
You can use your tentacles to constrict eight enemies at once.
Your skin changes colour to match your surroundings (Stealth+).
Your rubbery body absorbs attacks. (AC +1, EV +1)
You are somewhat resistant to further mutation.
Your spells are a little harder to cast, but a little more powerful.


Message History

You feel a little less clever now.
Purgy closely misses you. x2; Purgy completely misses you.
Okay, then.
It was a potion of curing.
You feel better. Purgy bites you. You block Purgy's attack. Purgy claws you.
You regained 6 hp, and now have 14/37 hp.
It was a potion of mutation.
You feel extremely strange.
You feel genetically stable.
You feel less in control of your magic. Purgy bites you.
* * * LOW HITPOINT WARNING * * *
Purgy claws you.
* * * LOW HITPOINT WARNING * * *
You block Purgy's attack.
You take 6 damage, and have 8/37 hp.
It was a potion of flight.
You feel very buoyant.
You fly up into the air.
Purgy bites you.
* * * LOW HITPOINT WARNING * * *
Purgy claws you.
You die...

......#####.....#
#...# #.# #####..#
#.....# #...# #.# #)#
#...%.## #...# #.# .#
#.....####...######.#
#
#...................#
#.....########......#
#.....+......'......#
#.....########......##
##### #....@#
###.......# ....#
#.....T.#
###.....#.#.# ###.#
#......##
#....####.#.# ###.#
#...... #....# #.#.#
....# #...... #....#
#.#.# .#### ##+###.
###'## #.#.# .# ##
#.#####.#.# .###
#.......#.# ...#
###############.#


You could see Purgy.

Vanquished Creatures
  An orc priest (D:3)
  4 adders
  A worm (D:3)
  3 leopard geckos
  4 orcs (D:3)
  3 ball pythons
  7 bats
  7 giant cockroaches
  8 goblins
  10 hobgoblins
  5 jackals (D:1)
  4 kobolds
  6 frilled lizards
  5 rats (D:1)
68 creatures vanquished.

Notes
Turn   | Place    | Note
-------+----------+-------------------------------------------
     0 | D:1      | DEFE the Octopode Monk began the quest for the Orb.
     0 | D:1      | Reached XP level 1. HP: 16/16 MP: 1/1
    32 | D:1      | Reached XP level 2. HP: 21/21 MP: 2/2
   190 | D:1      | Reached XP level 3. HP: 26/26 MP: 3/3
   730 | D:2      | Found a sacrificial altar of Ru.
   742 | D:2      | Became a worshipper of Ru the Awakened
   941 | D:2      | Reached XP level 4. HP: 32/32 MP: 4/4
   944 | D:2      | Found a hide-covered altar of Uskayaw.
  1734 | D:3      | Reached XP level 5. HP: 24/37 MP: 5/5
  2276 | D:3      | Noticed Purgy
  2289 | D:3      | Gained mutation: You are somewhat resistant to further
                  | mutation. [potion of mutation]
  2289 | D:3      | Gained mutation: Your spells are a little harder to cast,
                  | but a little more powerful. [potion of mutation]
  2290 | D:3      | Slain by Purgy

Vault maps used:
D:1:      lightli_arrival_chessboard, minmay_hexomino_u4
D:2:      eat_drink_and_be_merry_uskayaw, lemuel_round_altar, glass_columns_c
D:3:      first_ration, kennysheep_potato, uniq_purgy

Skill      XL: |  1  2  3  4  5 |
---------------+----------------+-----
Stealth        | 3 |  3.1
Unarmed Combat | 4 |  4.0
Fighting       | 4 |  4.0
Dodging        | 4 |  4.0
Shields        | |  0.9

Action                   |  1- 3 |  4- 6 || total
-------------------------+-------+-------++-------
Melee: Unarmed           |    77 |       ||    77
       Constrict         |    27 |    11 ||    38
       Tentacles         |    12 |     8 ||    20
       Punch             |     2 |     1 ||     3
       Dagger            |    13 |    47 ||    60
Invok: Reject Sacrifices |     1 |       ||     1
  Use: Potion            |       |     6 ||     6
 Stab: Distracted        |     1 |       ||     1
       Sleeping          |     4 |     8 ||    12
  Eat: Ration            |       |     1 ||     1
Armor: Skin              |    10 |     2 ||    12
Dodge: Dodged            |    74 |    26 ||   100
Block: Buckler           |       |     4 ||     4

Table legend:
 A = Non-vault XP
 B = Vault XP
 C = Vault XP percentage of total XP
 D = Non-vault monster count
 E = Vault monster count
 F = Vault count percentage of total count
                 A         B        C        D         E       F
            +---------+---------+-------+---------+---------+-------
      Total |     201 |       8 |   3.8 |      64 |       4 |   5.9
            +---------+---------+-------+---------+---------+-------
        D:1 |      55 |       8 |  12.7 |      33 |       4 |  10.8
        D:2 |      51 |       0 |   0.0 |      16 |       0 |   0.0
        D:3 |      95 |       0 |   0.0 |      15 |       0 |   0.0
            +---------+---------+-------+---------+---------+-------
